 Dungeon Crawl Stone Soup version 0.25.0-9-g26727b657a (webtiles) character file.

Game seed: 7498086481212386550

530854 MisterFreud the Conqueror (level 24, -1/249 HPs)
             Began as a Minotaur Gladiator on June 15, 2020.
             Was the Champion of Ru.
             Killed from afar by a fire dragon (97 damage)
             ... with a blast of flame
             ... on level 3 of the Depths on June 16, 2020.
             The game lasted 02:37:59 (71968 turns).

MisterFreud the Conqueror (Minotaur Gladiator)     Turns: 71968, Time: 02:38:00

Health: -1/249     AC: 45    Str: 28    XL:     24   Next: 42%
Magic:  35/35      EV: 14    Int:  8    God:    Ru [******]
Gold:   4872       SH: 40    Dex: 14    Spells: 23/23 levels left

rFire    x . .     SeeInvis .   B - +9 demon blade (flame)
rCold    + . .     Gourm    .   w - +8 tower shield {AC+3}
rNeg     + . .     Faith    .   i - +4 plate armour "Mamof" {Harm rN+ Int+2}
rPois    +         Spirit   .   c - +2 hat
rElec    .         Reflect  +   j - +2 cloak
rCorr    .         Harm     +   (no gloves)
MR       ++...                  h - +2 pair of boots {run}
Stlth    ..........             z - amulet of reflection
HPRegen  0.51/turn              O - ring of Guitiuc {rPois MR+ MP+9}
MPRegen  0.24/turn              y - ring of Robustness {AC+8}

@: no potions, quick
A: retaliatory headbutt, horns 2, cold resistance 2, inability to drink while
threatened, no charms magic, no ice magic, no necromancy magic, inexperienced 1,
temperature sensitive
}: 3/15 runes: barnacled, silver, gossamer
a: Draw Out Power, Power Leap, Apocalypse, Renounce Religion


You were on level 3 of the Depths.
You worshipped Ru.
Ru was exalted by your worship.
You were very hungry.

You visited 9 branches of the dungeon, and saw 43 of its levels.
You visited the Abyss 1 time.
You visited 1 bazaar.
You also visited: Ice Cave.

You collected 7153 gold pieces.
You spent 2281 gold pieces at shops.

Inventory:

Hand Weapons
 B - a +9 demon blade of flaming (weapon)
 H - the +9 long sword "Aseoskoize" {freeze, *Slow rF++ rC- MR+++}
   (You found it on level 3 of the Spider Nest)

   It has been specially enchanted to freeze those struck by it, causing extra
   injury to most foes and up to half again as much damage against particularly
   susceptible opponents.
   It can also slow down cold-blooded creatures.
   It greatly protects you from fire.
   It makes you vulnerable to cold.
   It affects your resistance to hostile enchantments.
   It may slow you when you take damage.
Missiles
 d - 9 throwing nets (quivered)
Armour
 c - a +2 hat (worn)
 h - a +2 pair of boots of running (worn)
 i - the +4 plate armour "Mamof" (worn) {Harm rN+ Int+2}
   (You took it off a deep elf master archer on level 3 of the Elven Halls)

   It affects your intelligence (+2).
   It protects you from negative energy.
   It increases damage dealt and taken.
 j - a +2 cloak (worn)
 w - a +8 tower shield of protection (worn)
Jewellery
 a - an uncursed ring of see invisible
 b - the ring "Agepa" {MR+ EV+4}
   (You found it on level 15 of the Dungeon)

   [ring of evasion]

   It affects your evasion (+4).
   It affects your resistance to hostile enchantments.
 g - an uncursed ring of protection from cold
 m - an uncursed ring of protection from fire
 y - the ring of Robustness (right hand) {AC+8}
   (You bought it in a shop in a bazaar)

   [ring of protection]

   It affects your AC (+8).
 z - an amulet of reflection (around neck)
 O - the ring of Guitiuc (left hand) {rPois MR+ MP+9}
   (You took it off a deep elf death mage on level 3 of the Elven Halls)

   [ring of poison resistance]

   It protects you from poison.
   It affects your resistance to hostile enchantments.
   It affects your magic capacity (+9).
 T - an uncursed ring of positive energy
 V - an uncursed ring of positive energy
Wands
 k - a wand of digging (15)
 u - a wand of iceblast (36)
 A - a wand of paralysis (6)
 L - a wand of enslavement (22)
 U - a wand of acid (19)
 Z - a wand of clouds (16)
Scrolls
 e - 4 scrolls of magic mapping
 n - 21 scrolls of teleportation
 o - 6 scrolls of fog
 r - 23 scrolls of remove curse
 s - 2 scrolls of enchant armour
 F - a scroll of enchant weapon
 G - 4 scrolls of fear
 I - 18 scrolls of identify
 P - 3 scrolls of blinking
 S - 3 scrolls of silence
Potions
 l - 16 potions of heal wounds
 p - a potion of haste
 q - 5 potions of brilliance
 v - 6 potions of berserk rage
 x - 2 potions of magic
 D - 4 potions of might
 E - 9 potions of curing
 J - 2 potions of mutation
 K - 2 potions of resistance
 N - 2 potions of invisibility
 W - 2 potions of cancellation
 Y - 2 potions of ambrosia
Books
 C - a manual of Shields
Miscellaneous
 t - 2 phantom mirrors
 Q - 3 boxes of beasts
 R - a phial of floods
 X - a tin of tremorstones (3/3)
Comestibles
 f - 58 rations


   Skills:
 O Level 27 Fighting
 + Level 22.1 Long Blades
 - Level 2.0 Throwing
 + Level 22.1 Armour
 - Level 10.0 Dodging
 O Level 27 Shields
 - Level 6.0 Evocations


You had 23 spell levels left.
You didn't know any spells.
Your spell library contained the following spells:

 Spells                   Type           Power        Failure   Level  Hunger
 Apportation              Tloc           #.....       86%         1    ##.....
 Beastly Appendage        Tmut           #.....       86%         1    ##.....
 Corona                   Hex            #......      86%         1    ##.....
 Foxfire                  Conj/Fire      #...         86%         1    ##.....
 Magic Dart               Conj           #...         86%         1    ##.....
 Sting                    Tmut/Pois      #...         86%         1    ##.....
 Summon Butterflies       Summ           #.......     86%         1    ##.....
 Summon Small Mammal      Summ           #...         86%         1    ##.....
 Blink                    Tloc           N/A          95%         2    ###....
 Call Imp                 Summ           #.......     95%         2    ###....
 Poisonous Vapours        Pois/Air       #.....       95%         2    ###....
 Slow                     Hex            #.......     95%         2    ###....
 Sticks to Snakes         Tmut           #.......     95%         2    ###....
 Call Canine Familiar     Summ           #.......     99%         3    ####...
 Confusing Touch          Hex            #.......     99%         3    ####...
 Conjure Flame            Conj/Fire      #.......     99%         3    ####...
 Dazzling Flash           Conj/Hex       #.....       99%         3    ####...
 Gell's Gravitas          Tloc           #.........   99%         3    ####...
 Ignite Poison            Fire/Tmut/Pois #.......     99%         3    ####...
 Inner Flame              Hex/Fire       #.......     99%         3    ####...
 Lesser Beckoning         Tloc           #.........   99%         3    ####...
 Mephitic Cloud           Conj/Pois/Air  #.......     99%         3    ####...
 Recall                   Summ/Tloc      N/A          99%         3    ####...
 Spider Form              Tmut/Pois      #.........   99%         3    ####...
 Summon Guardian Golem    Hex/Summ       #.......     99%         3    ####...
 Teleport Other           Tloc           #.......     99%         3    ####...
 Tukima's Dance           Hex            #.......     99%         3    ####...
 Leda's Liquefaction      Hex/Erth       #.........   100%        4    #####..
 Olgreb's Toxic Radiance  Pois           #.......     100%        4    #####..
 Passage of Golubria      Tloc           N/A          100%        4    #####..
 Petrify                  Tmut/Erth      #.......     100%        4    #####..
 Sticky Flame             Conj/Fire      #.......     100%        4    #####..
 Summon Lightning Spire   Summ/Air       #.......     100%        4    #####..
 Alistair's Intoxication  Tmut/Pois      #.......     100%        5    ######.
 Blade Hands              Tmut           #.........   100%        5    ######.
 Bolt of Magma            Conj/Fire/Erth #.........   100%        5    ######.
 Fireball                 Conj/Fire      #.........   100%        5    ######.
 Irradiate                Conj/Tmut      #.........   100%        5    ######.
 Yara's Violent Unravell  Hex/Tmut       #.........   100%        5    ######.
 Eringya's Noxious Bog    Tmut/Pois      #.........   100%        6    #######
 Invisibility             Hex            #.......     100%        6    #######
 Iron Shot                Conj/Erth      #.........   100%        6    #######
 Statue Form              Tmut/Erth      #........    100%        6    #######
 Orb of Destruction       Conj           #.........   100%        7    #######
 Spellforged Servitor     Conj/Summ      #.........   100%        7    #######
 Shatter                  Erth           #.........   100%        9    #######
 Animate Skeleton         Necr           Unusable     N/A         1    N/A
 Freeze                   Ice            Unusable     N/A         1    N/A
 Pain                     Necr           Unusable     N/A         1    N/A
 Ensorcelled Hibernation  Hex/Ice        Unusable     N/A         2    N/A
 Shroud of Golubria       Chrm/Tloc      Unusable     N/A         2    N/A
 Sublimation of Blood     Necr           Unusable     N/A         2    N/A
 Frozen Ramparts          Ice            Unusable     N/A         3    N/A
 Ozocubu's Armour         Chrm/Ice       Unusable     N/A         3    N/A
 Vampiric Draining        Necr           Unusable     N/A         3    N/A
 Animate Dead             Necr           Unusable     N/A         4    N/A
 Hailstorm                Conj/Ice       Unusable     N/A         4    N/A
 Ice Form                 Ice/Tmut       Unusable     N/A         4    N/A
 Summon Ice Beast         Ice/Summ       Unusable     N/A         4    N/A
 Agony                    Necr           Unusable     N/A         5    N/A
 Borgnjor's Vile Clutch   Necr/Erth      Unusable     N/A         5    N/A
 Excruciating Wounds      Chrm/Necr      Unusable     N/A         5    N/A
 Iskenderun's Battlesphe  Conj/Chrm      Unusable     N/A         5    N/A
 Metabolic Englaciation   Hex/Ice        Unusable     N/A         5    N/A
 Death Channel            Necr           Unusable     N/A         6    N/A
 Freezing Cloud           Conj/Ice/Air   Unusable     N/A         6    N/A
 Simulacrum               Ice/Necr       Unusable     N/A         6    N/A
 Haunt                    Necr/Summ      Unusable     N/A         7    N/A
 Ring of Flames           Chrm/Fire      Unusable     N/A         7    N/A
 Borgnjor's Revivificati  Necr           Unusable     N/A         8    N/A
 Death's Door             Chrm/Necr      Unusable     N/A         8    N/A
 Infestation              Necr           Unusable     N/A         8    N/A
 Necromutation            Tmut/Necr      Unusable     N/A         8    N/A

Dungeon Overview and Level Annotations

Branches:
Dungeon (15/15)            Temple (1/1) D:5            Lair (6/6) D:10
 Shoals (4/4) Lair:4       Spider (4/4) Lair:2        Slime (0/5) Lair:6
    Orc (2/2) D:9             Elf (3/3) Orc:2        Vaults (5/5) D:13
  Crypt (0/3) Vaults:2     Depths (3/5) D:15          IceCv (visited)

Altars:
Ashenzari
Cheibriados
Elyvilon
Kikubaaqudgha
Makhleb
Nemelex Xobeh
Okawaru
Qazlal
Ru
Sif Muna
Trog
Vehumet
Wu Jian
Xom
Yredelemnul
Zin
The Shining One
Beogh
Jiyva

Shops:
D:8 [   Orc:2 :!(*   Shoals:1 [   Vaults:3 [

Portals:
Hell: Depths:1 Depths:2
Pandemonium: Orc:2

Annotations:
D:12 4 runed translucent doors, 1 exclusion
Lair:6 exclusion: oklob plant
Spider:2 2 transporters
Elf:1 6 runed translucent doors
Vaults:2 exclusion: obsidian statue
Depths:3 exclusion: shining eye


Innate Abilities, Weirdness & Mutations

You reflexively headbutt those who attack you in melee.
You have a pair of horns on your head.
You cannot drink potions while threatened.
You cannot study or cast Charms magic.
You cannot study or cast Ice magic.
You cannot study or cast Necromancy magic.
You are somewhat inexperienced. (-2 XL)
You are sensitive to extremes of temperature. (rF-, rC-)
Your flesh is very cold resistant. (rC++)


Message History

2 large rocks; a fire dragon corpse; a deep troll corpse You are too injured to fight recklessly!
You are too injured to fight recklessly!
You slash the deep troll shaman! You burn the deep troll shaman.
The deep troll shaman is moderately wounded.
You block the deep troll shaman's attack. x3
You slash the deep troll shaman! You burn the deep troll shaman.
Your headbutt misses the deep troll shaman.
The deep troll shaman is severely wounded.
You barely miss the deep troll shaman.
The deep troll shaman is severely wounded.
You block the deep troll shaman's attack. x2
The deep troll shaman claws you but does no damage.
You slice the deep troll shaman!! You burn the deep troll shaman.
You kill the deep troll shaman!
The troll leather armour is intact enough to wear.
You completely miss the fire dragon. The fire dragon breathes flames at you.
The blast of flame hits you!!!! The fire burns you terribly!
You die...

#.# #(# '.' #.# #.#
#$. #G #T###'###.#.#
.##
#.c..c(...#.####..#
#####D#####........
#.)(@[....#......
#.#######.#.... #
#.#..# #.#).# #.)..#
#.#.## #.#.#########
..#
#.#######.#..........
..#
#.......).#..........


You could see a fire dragon (catching breath) and a yaktaur captain.

Vanquished Creatures
  Bai Suzhen (Vaults:4)
  The ghost of Ugguttuj the Peltast, a veteran DrWn of Okawaru (Vaults:4)
  Xtahua (Vaults:2)
  Margery (Vaults:4)
  2 golden dragons (Vaults:5)
  Jorgrun (Orc:2)
  3 tentacled monstrosities
  5 liches
  A deep elf blademaster (Elf:3)
  2 deep elf master archers (Elf:3)
  A quicksilver dragon (Vaults:5)
  7 titans
  3 sphinxes
  4 shadow dragons
  A kraken (Shoals:1)
  10 fire giants
  5 deep elf sorcerers
  4 tengu reavers
  3 storm dragons
  4 iron dragons
  A ghost moth (shapeshifter) (D:15)
  5 frost giants
  7 ghost moths
  7 emperor scorpions
  19 vault wardens
  4 deep elf elementalists
  A ghoul (Vaults:2)
  A war gargoyle (Vaults:5)
  26 stone giants
  3 entropy weavers
  16 ironheart preservers
  29 very ugly things
  3 vampire knights
  The ghost of Vufrucs the Grappler, a journeyman DrTm of Wu Jian (Lair:4)
  8 deep elf demonologists
  7 deep elf annihilators
  12 spark wasps
  8 ettins
  8 merfolk javelineers
  13 merfolk impalers
  12 deep elf death magi
  10 fire dragons
  5 crystal guardians (Depths:3)
  7 yaktaur captains
  6 deep elf high priests
  6 great orbs of eyes
  6 rakshasas
  3 ice dragons
  6 hydras
  3 death knights
  6 merfolk avatars
  2 spriggan air magi
  38 vault guards
  A catoblepas (Lair:3)
  17 ogre magi
  8 centaur warriors
  2 alligator snapping turtles (Shoals:4)
  A satyr (Shoals:3)
  60 two-headed ogres
  8 deep troll shamans
  4 merfolk aquamancers
  5 orc high priests (Orc:2)
  7 tengu warriors
  The ghost of skk the Victor of a Thousand Battles, a novice DsFi of Okawaru (D:10)
  A thrashing horror (Abyss:3)
  30 dancing weapons
  6 deep troll earth magi
  A vampire mage (Depths:2)
  3 spriggan berserkers
  27 deep elf knights
  A shock serpent (shapeshifter) (Vaults:5)
  Urug (Lair:2)
  A sun demon (Orc:2)
  A spatial maelstrom (Abyss:3)
  3 wretched stars (Abyss:3)
  A sixfirhy (Abyss:3)
  10 hell knights
  6 unseen horrors
  4 large abominations (Abyss:3)
  2 iron trolls (Depths:2)
  2 shadow wraiths
  A salamander mystic (Depths:1)
  23 deep trolls
  An infernal demonspawn (Orc:2)
  A torturous demonspawn (Orc:2)
  15 sea snakes
  6 glowing orange brains
  A glowing orange brain (shapeshifter) (Depths:1)
  12 ironbrand convokers
  23 deep elf archers
  55 deep elf magi
  6 wizards
  12 harpies
  4 flayed ghosts
  2 wolf spider zombies
  4 necromancers
  20 orc knights
  4 phantasmal warriors
  7 orb spiders
  16 manticores
  35 wolf spiders
  A sphinx skeleton (Depths:2)
  12 orc sorcerers
  11 cyclopes
  3 fauns (Shoals:2)
  A human zombie (Vaults:5)
  A worldbinder (Abyss:3)
  3 salamanders (shapeshifter)
  2 salamanders (Depths:1)
  3 moths of wrath
  38 ugly things
  6 elephants (Lair:5)
  A rust devil (Orc:2)
  A water nymph (shapeshifter) (Vaults:1)
  8 water nymphs
  An apocalypse crab (Abyss:3)
  A gargoyle (D:14)
  14 merfolk sirens
  14 vault sentinels
  2 black mambas
  A guardian serpent (shapeshifter) (Vaults:3)
  3 smoke demons (Abyss:3)
  2 torpor snails
  4 kobold demonologists
  2 rime drakes (Lair:4)
  13 demonic crawlers
  11 spiny frogs
  A yaktaur (shapeshifter) (Vaults:2)
  50 yaktaurs
  A rime drake (shapeshifter) (Vaults:1)
  10 komodo dragons
  4 freezing wraiths
  A hellwing (Orc:2)
  2 efreet
  A meliai (Spider:3)
  A queen bee (shapeshifter) (Elf:1)
  3 wind drakes
  A red devil (Orc:2)
  5 tengu conjurers
  A troll (shapeshifter) (Vaults:5)
  A spriggan skeleton (Depths:2)
  52 jumping spiders
  An ice devil (Orc:2)
  A tyrant leech (shapeshifter) (Vaults:5)
  3 hornets (shapeshifter)
  8 trolls
  33 merfolk
  4 polar bears (Lair:6)
  A meliai (shapeshifter) (Vaults:3)
  17 hornets
  A tengu simulacrum (Vaults:5)
  15 snapping turtles
  9 blink frogs
  27 slime creatures
  16 hippogriffs
  A hippogriff (shapeshifter) (D:15)
  4 dream sheep
  A dream sheep (shapeshifter) (Vaults:1)
  A centaur simulacrum (D:13)
  2 ettin zombies
  4 wraiths
  88 redbacks
  16 water elementals
  29 tarantellas
  A tarantella (shapeshifter) (Depths:3)
  A redback (shapeshifter) (Vaults:5)
  15 spriggans
  An elf zombie (Depths:2)
  4 shadows
  37 yaks
  3 wyverns
  2 fire elementals
  4 vampire mosquitoes (D:15)
  4 basilisks
  2 hungry ghosts
  2 neqoxecs (Abyss:3)
  6 small abominations
  A death yak simulacrum (Lair:4)
  A chaos spawn (Abyss:3)
  A soldier ant (Spider:2)
  6 wargs
  Duvessa (D:5)
  A hydra simulacrum (Lair:4)
  A floating eye (Depths:2)
  7 porcupines
  10 water moccasins
  50 orc warriors
  3 ice beasts
  A black bear (shapeshifter) (Depths:3)
  4 black bears
  7 phantoms
  5 sky beasts
  15 boggarts
  38 wolves
  2 necrophages
  A black mamba simulacrum (Lair:4)
  49 ogres
  21 centaurs
  7 crocodiles
  6 big kobolds
  A gnoll sergeant (D:9)
  Blork the orc (D:5)
  18 bullfrogs
  Dowan (D:5)
  A spiny frog simulacrum (Lair:4)
  3 earth elementals
  A water moccasin skeleton (D:5)
  4 scorpions
  A blink frog simulacrum (Lair:4)
  A dream sheep simulacrum (Lair:4)
  5 killer bees (D:12)
  2 electric eels (Spider:1)
  7 wights (D:9)
  5 howler monkeys
  5 crimson imps
  A lava snake (Lair:5)
  3 bullfrog zombies
  4 starcursed masses (Abyss:3)
  2 quasits
  2 centaur zombies
  7 hounds
  A komodo dragon simulacrum (Lair:4)
  35 orc priests
  6 centaur skeletons
  2 jellies
  25 orc wizards
  Ijyb (D:5)
  3 iguanas
  2 killer bee zombies
  8 worker ants
  2 hound skeletons
  A worker ant zombie (D:5)
  A howler monkey zombie (D:10)
  5 gnolls (D:9)
  19 adders
  4 shadow imps
  A white imp (Depths:2)
  3 oozes
  3 adder skeletons
  6 worms
  3 dart slugs
  7 leopard geckos
  117 orcs
  8 giant cockroaches
  11 goblins
  11 hobgoblins
  4 jackals (D:6)
  25 kobolds
  2 quokkas
  A ball python (D:1)
  5 bats
  9 frilled lizards
  A jackal zombie (D:7)
  2 quokka skeletons
  7 rats
  7 crawling corpses
  2 plants
  A starspawn tentacle (Abyss:3)
  A tentacle (Shoals:1)
2133 creatures vanquished.

Vanquished Creatures (others)
  A deep elf blademaster (Elf:3)
  2 tentacled starspawn (Abyss:3)
  A vault warden (Vaults:5)
  2 emperor scorpions
  An entropy weaver (Abyss:3)
  An ettin (Depths:1)
  A vault guard (Vaults:2)
  A rakshasa (Depths:2)
  A dancing weapon (Elf:1)
  2 deep elf knights
  A deep troll (Depths:2)
  A sea snake (Shoals:4)
  A gelid demonspawn (Orc:2)
  An ugly thing (Depths:2)
  2 wolf spiders
  2 orc sorcerers
  3 deep elf magi
  2 orb spiders
  A cyclops (D:10)
  An apocalypse crab (Abyss:3)
  A spiny frog (Lair:4)
  3 yaktaurs
  A demonic crawler (Spider:2)
  A merfolk (Shoals:4)
  2 jumping spiders (Spider:4)
  A hornet (Vaults:1)
  2 slime creatures
  A snapping turtle (Shoals:2)
  5 dream sheep (D:4)
  A wraith (D:12)
  A redback (Spider:3)
  A tarantella (Spider:3)
  A swamp worm (shapeshifter) (Elf:2)
  A wolf (Lair:3)
  2 ogres
  A boggart (Vaults:2)
  A centaur (Vaults:3)
  A bullfrog (D:8)
  An orc priest (Orc:2)
  A jelly (D:7)
  2 orc wizards (Elf:1)
  Natasha (D:2)
  An ufetubus (IceCv)
  8 orcs
  19 fungi
  A lurking horror (Abyss:3)
  21 plants
  8 starspawn tentacles (Abyss:3)
  9 tentacles (Shoals:1)
127 creatures vanquished.

Grand Total: 2260 creatures vanquished

Notes
Turn   | Place    | Note
-------+----------+-------------------------------------------
     0 | D:1      | MisterFreud the Minotaur Gladiator began the quest for the
                  | Orb.
     0 | D:1      | Reached XP level 1. HP: 18/18 MP: 0/0
   367 | D:1      | Reached XP level 2. HP: 20/26 MP: 1/1
   463 | D:1      | Reached skill level 1 in Shields
   790 | D:1      | Reached XP level 3. HP: 23/33 MP: 2/2
  1386 | D:2      | Found an iron altar of Okawaru.
  2089 | D:2      | Reached XP level 4. HP: 40/40 MP: 3/3
  2361 | D:2      | Noticed Natasha
  2391 | D:2      | Killed Natasha
  2732 | D:3      | You fall into a shaft and drop 1 floor!
  2773 | D:4      | Found a basalt altar of Yredelemnul.
  2944 | D:3      | Reached XP level 5. HP: 47/47 MP: 4/4
  3319 | D:2      | Found a burning altar of Makhleb.
  3319 | D:2      | Found a bloodstained altar of Trog.
  3320 | D:2      | Found a glowing silver altar of Zin.
  3370 | D:2      | Found a shimmering blue altar of Sif Muna.
  3502 | D:3      | Reached skill level 5 in Fighting
  3796 | D:4      | Noticed a dream sheep
  3796 | D:4      | Noticed a dream sheep
  3796 | D:4      | Noticed a dream sheep
  3796 | D:4      | Noticed a dream sheep
  3796 | D:4      | Noticed a dream sheep
  3796 | D:4      | Found a shimmering altar of Xom.
  3800 | D:4      | Killed a dream sheep
  3802 | D:4      | Killed a dream sheep
  3802 | D:4      | Killed a dream sheep
  3803 | D:4      | Killed a dream sheep
  3803 | D:4      | Killed a dream sheep
  3812 | D:4      | Reached skill level 5 in Long Blades
  3945 | D:4      | Noticed an ogre
  3953 | D:4      | Killed an ogre
  3953 | D:4      | Reached XP level 6. HP: 56/56 MP: 5/5
  4152 | D:4      | Found a radiant altar of Vehumet.
  4155 | D:4      | Found an ornate altar of the Wu Jian Council.
  4158 | D:4      | Found a stormy altar of Qazlal.
  4266 | D:5      | Entered Level 5 of the Dungeon
  4477 | D:5      | Noticed Blork the orc
  4494 | D:5      | Killed Blork the orc
  4494 | D:5      | Reached skill level 5 in Shields
  4494 | D:5      | Reached XP level 7. HP: 39/63 MP: 3/6
  4636 | D:5      | Found a snail-covered altar of Cheibriados.
  4636 | D:5      | Noticed Ijyb
  4653 | D:5      | Killed Ijyb
  4749 | D:5      | Found a staircase to the Ecumenical Temple.
  4781 | D:5      | Noticed Duvessa
  4781 | D:5      | Noticed Dowan
  5379 | D:5      | Killed Duvessa
  5384 | D:5      | Killed Dowan
  5606 | Temple   | Entered the Ecumenical Temple
  5613 | Temple   | Became a worshipper of Ru the Awakened
  5691 | D:5      | Reached XP level 8. HP: 70/70 MP: 7/7
  6253 | D:6      | Killed an unseen horror
  6253 | D:6      | Reached skill level 10 in Long Blades
  6673 | D:6      | Reached XP level 9. HP: 79/79 MP: 8/8
  6991 | D:6      | Gained mutation: You cannot drink potions while threatened.
                  | [Ru sacrifice]
  6991 | D:6      | Reached * piety under Ru
  7522 | D:7      | Found a burning altar of Makhleb.
  8429 | D:8      | Found Unotuod's Antique Armour Emporium.
  8433 | D:8      | Bought a pair of glowing boots for 165 gold pieces
  8557 | D:8      | Found a glowing golden altar of the Shining One.
  9010 | D:9      | Reached XP level 10. HP: 53/91 MP: 9/9
  9593 | D:9      | Found a sparkling altar of Nemelex Xobeh.
  9936 | D:9      | Found a staircase to the Orcish Mines.
  9955 | D:9      | Found a roughly hewn altar of Beogh.
 10421 | D:10     | Entered Level 10 of the Dungeon
 10702 | D:10     | Found a transporter.
 10706 | D:10     | Found a transporter.
 10706 | D:10     | Noticed skk's ghost (novice DsFi)
 10750 | D:10     | Reached skill level 10 in Fighting
 10750 | D:10     | Reached skill level 10 in Shields
 10758 | D:10     | Noticed a two-headed ogre
 10758 | D:10     | Noticed a cyclops
 11129 | D:10     | Found a staircase to the Lair.
 11383 | D:10     | Noticed a moth of wrath
 11387 | D:10     | Found a bloodstained altar of Trog.
 11663 | D:11     | Noticed a brown ugly thing
 11663 | D:11     | Noticed a manticore
 11710 | Lair:1   | Entered Level 1 of the Lair of Beasts
 11852 | Lair:1   | Reached skill level 1 in Armour
 12188 | Lair:1   | Identified a scroll of acquirement
 12295 | Lair:1   | Noticed a spiny frog
 12295 | Lair:1   | Noticed a spiny frog
 12310 | Lair:1   | Killed a spiny frog
 12688 | Lair:1   | Noticed a black mamba
 12694 | Lair:1   | Killed a black mamba
 12694 | Lair:1   | Reached XP level 11. HP: 89/99 MP: 8/10
 13003 | Lair:1   | Reached skill level 5 in Armour
 13312 | Lair:2   | Noticed a six-headed hydra
 13562 | D:4      | Got a masterwork short sword
 13563 | D:4      | Identified the +4 short sword "Eddoibet" {vorpal, *Slow rC+
                  | rN+ Int+4} (You found it on level 4 of the Dungeon)
 13833 | Lair:2   | Noticed Urug
 13838 | Lair:2   | Noticed a six-headed hydra
 13858 | Lair:2   | Killed a seven-headed hydra
 14393 | Lair:2   | Killed a six-headed hydra
 14469 | Lair:2   | Reached skill level 15 in Shields
 14488 | Lair:2   | Reached skill level 1 in Evocations
 14510 | Lair:2   | Killed Urug
 14817 | Lair:2   | Found a hole to the Spider Nest.
 14842 | Lair:2   | Reached XP level 12. HP: 54/106 MP: 11/13
 16022 | Lair:3   | Noticed a catoblepas
 16037 | Lair:3   | Killed a catoblepas
 16281 | Lair:3   | Noticed a five-headed hydra
 16292 | Lair:3   | Killed a five-headed hydra
 16292 | Lair:3   | Reached skill level 5 in Evocations
 16604 | Lair:3   | Gained mutation: You are sensitive to extremes of
                  | temperature. (rF-, rC-) [Ru sacrifice]
 16604 | Lair:3   | Reached ** piety under Ru
 16604 | Lair:3   | Reached *** piety under Ru
 17121 | Lair:4   | Noticed an eight-headed hydra
 17123 | Lair:4   | Noticed a six-headed hydra
 17158 | Lair:4   | Found a staircase to the Shoals.
 17438 | Lair:4   | Reached skill level 10 in Armour
 17669 | Lair:4   | Found a runed translucent gate.
 17670 | Lair:4   | Found a runed translucent gate.
 17671 | Lair:4   | Found a runed translucent gate.
 17747 | Lair:4   | Killed an eight-headed hydra
 17751 | Lair:4   | Killed a six-headed hydra
 18063 | Lair:4   | Noticed a seven-headed hydra
 18082 | Lair:4   | Killed a seven-headed hydra
 18654 | Lair:4   | Noticed Vufrucs's ghost (journeyman DrTm)
 18936 | Lair:5   | Reached XP level 13. HP: 71/116 MP: 9/16
 19419 | Lair:5   | Gained mutation: You are somewhat inexperienced. (-2 XL)
                  | [Ru sacrifice]
 19419 | Lair:5   | Reached XP level 12. HP: 110/110 MP: 15/15
 19419 | Lair:5   | Reached XP level 11. HP: 102/102 MP: 14/14
 19419 | Lair:5   | Reached **** piety under Ru
 19419 | Lair:5   | Reached ***** piety under Ru
 20287 | Lair:6   | Entered Level 6 of the Lair of Beasts
 20574 | Lair:6   | Found a viscous altar of Jiyva.
 20574 | Lair:6   | Found a staircase to the Slime Pits.
 21037 | Lair:6   | Noticed a spriggan rider
 21455 | Lair:6   | Noticed a spriggan rider
 21992 | Lair:6   | Reached XP level 12. HP: 77/116 MP: 12/15
 23286 | D:11     | Reached skill level 15 in Fighting
 24084 | D:12     | Found a flickering gateway to a bazaar.
 24089 | Bazaar   | Entered a bazaar
 24164 | Bazaar   | Found Oskokul's Book Shoppe.
 24177 | Bazaar   | Found Kerase's Jewellery Shoppe.
 24209 | Bazaar   | Found Qoupiwal's General Store.
 24215 | Bazaar   | Found Idopn's Food Shoppe.
 24261 | Bazaar   | Bought the ring of Robustness {AC+8} for 1536 gold pieces
 24261 | Bazaar   | Found the ring of Robustness {AC+8}
 24261 | Bazaar   | Bought an uncursed ring of protection from magic for 300
                  | gold pieces
 24658 | D:12     | Found a runed translucent door.
 24682 | D:12     | Found a runed translucent door.
 24700 | D:12     | Noticed a death knight
 24706 | D:12     | Killed a death knight
 24706 | D:12     | Noticed a death knight
 25029 | D:12     | Killed a death knight
 25220 | D:12     | Noticed a tengu warrior
 25239 | D:12     | Killed a tengu warrior
 25522 | D:12     | Found a runed translucent door.
 25534 | D:12     | Found a runed translucent door.
 25670 | D:13     | Reached XP level 13. HP: 128/128 MP: 16/16
 25692 | D:13     | Identified the +3 spear of Fedhas's Hope {protect, *Noise
                  | Str+2 Int+2}
 25860 | D:13     | Found a gate to the Vaults.
 25958 | D:13     | Identified the Incunabulum of Dark Clay
 27641 | D:15     | Entered Level 15 of the Dungeon
 27767 | D:15     | Found an ancient bone altar of Kikubaaqudgha.
 28035 | D:15     | Reached XP level 14. HP: 112/141 MP: 17/17
 28139 | D:15     | Killed a ghost moth
 28535 | D:15     | Found a staircase to the Depths.
 28843 | D:15     | Got a crude turquoise ring
 28844 | D:15     | Identified the ring "Agepa" {MR+ EV+4} (You found it on
                  | level 15 of the Dungeon)
 29597 | Spider:1 | Entered Level 1 of the Spider Nest
 29913 | Spider:1 | Gained mutation: You cannot study or cast Ice magic. [Ru
                  | sacrifice]
 29913 | Spider:1 | Gained mutation: You cannot study or cast Necromancy magic.
                  | [Ru sacrifice]
 29913 | Spider:1 | Gained mutation: You cannot study or cast Charms magic. [Ru
                  | sacrifice]
 29913 | Spider:1 | Reached ****** piety under Ru
 30213 | Spider:1 | Reached skill level 15 in Armour
 30265 | Spider:1 | Noticed a ghost moth
 30271 | Spider:1 | Killed a ghost moth
 30588 | Spider:2 | Noticed an entropy weaver
 30600 | Spider:2 | Reached skill level 5 in Dodging
 30600 | Spider:2 | Killed an entropy weaver
 31923 | Spider:2 | Noticed an entropy weaver
 31931 | Spider:2 | Noticed an emperor scorpion
 32098 | Spider:2 | Killed a ghost moth
 32104 | Spider:2 | Reached XP level 15. HP: 116/150 MP: 1/18
 32228 | Spider:2 | Found a transporter.
 32239 | Spider:2 | Found a transporter.
 32241 | Spider:2 | Found the ring of the Mage {Wiz MR++ Int+3}
 32735 | Spider:4 | Entered Level 4 of the Spider Nest
 34760 | Spider:3 | Killed a ghost moth
 35866 | Spider:3 | Got a jewelled long sword
 35867 | Spider:3 | Identified the +9 long sword "Aseoskoize" {freeze, *Slow
                  | rF++ rC- MR+++} (You found it on level 3 of the Spider
                  | Nest)
 36619 | Spider:4 | Reached skill level 10 in Dodging
 36647 | Spider:4 | Killed a ghost moth
 36647 | Spider:4 | Reached XP level 16. HP: 106/162 MP: 0/19
 38221 | Spider:4 | Got a gossamer rune of Zot
 38439 | Shoals:1 | Entered Level 1 of the Shoals
 38448 | Shoals:1 | Noticed a kraken
 38470 | Shoals:1 | Killed a kraken
 38857 | Shoals:1 | Found Hawac's Armour Shoppe.
 40340 | Shoals:3 | Reached XP level 17. HP: 45/170 MP: 7/20
 40957 | Shoals:4 | Entered Level 4 of the Shoals
 41865 | Shoals:4 | Got a twisted trident
 41866 | Shoals:4 | Identified the +8 trident of Beogh's Supremacy {vorpal,
                  | *Noise rC+ rN+} (You found it on level 4 of the Shoals)
 43437 | Shoals:4 | Got a barnacled rune of Zot
 43717 | Vaults:1 | Entered Level 1 of the Vaults
 44288 | Vaults:1 | Reached XP level 18. HP: 96/178 MP: 5/21
 46736 | Vaults:2 | Noticed a lich
 47245 | Orc:1    | Entered Level 1 of the Orcish Mines
 47368 | Orc:2    | Entered Level 2 of the Orcish Mines
 47375 | Orc:2    | Found a staircase to the Elven Halls.
 47694 | Orc:1    | Cast into level 2 of the Abyss (orc knight)
 47724 | Abyss:3  | Found a stormy altar of Qazlal.
 47727 | Abyss:3  | Found a corrupted altar of Lugonu.
 47838 | Abyss:3  | Reached XP level 19. HP: 86/185 MP: 10/15
 47883 | Abyss:3  | Paralysed by you for 5 turns
 47931 | Abyss:3  | Gained mutation: You tend to lose your temper in combat. [a
                  | neqoxec]
 48167 | Orc:1    | Escaped the Abyss
 49008 | Orc:2    | Found Ynofit's Distillery.
 49032 | Orc:2    | Found Odovoxi's General Store.
 49526 | Orc:2    | Bought a potion of haste for 140 gold pieces
 49526 | Orc:2    | Bought 2 potions of heal wounds for 140 gold pieces
 49747 | Orc:2    | Found Ismouv's Book Shoppe.
 49747 | Orc:2    | Found Negof's Antique Weapon Emporium.
 49747 | Orc:2    | Found a one-way gate leading to the halls of Pandemonium.
 49799 | Orc:2    | Noticed Jorgrun
 49813 | Orc:2    | Killed Jorgrun
 49879 | Orc:2    | Found a bloodstained altar of Trog.
 51066 | Vaults:2 | Noticed Xtahua
 51084 | Vaults:2 | Killed Xtahua
 51371 | Vaults:2 | You are sucked into a shaft and drop 1 floor!
 51648 | Vaults:3 | Found Feme's Armour Shoppe.
 52042 | Vaults:3 | You are sucked into a shaft and drop 1 floor!
 52337 | Vaults:3 | Reached XP level 20. HP: 200/200 MP: 23/23
 52936 | Vaults:2 | Found a staircase to the Crypt.
 53790 | Vaults:3 | You are sucked into a shaft and drop 1 floor!
 54848 | Vaults:4 | Noticed Bai Suzhen
 54880 | Vaults:4 | Killed Bai Suzhen
 55147 | Vaults:4 | Noticed Margery
 55169 | Vaults:4 | Killed Margery
 55708 | Vaults:4 | Found a runed translucent door.
 55708 | Vaults:4 | Found a shimmering altar of Xom.
 55708 | Vaults:4 | Noticed Ugguttuj's ghost (veteran DrWn)
 55708 | Vaults:4 | Identified the +4 great mace of Wonderful Tenacity {chaos,
                  | rElec rPois Stlth+}
 55823 | Vaults:4 | Killed Ugguttuj's ghost
 56449 | D:10     | Killed skk's ghost
 56661 | Lair:4   | Killed Vufrucs's ghost
 57007 | Elf:1    | Entered Level 1 of the Elven Halls
 57729 | Elf:1    | Found a frozen archway.
 57775 | IceCv    | Entered an ice cave
 57992 | Elf:1    | Reached XP level 21. HP: 192/215 MP: 24/24
 58220 | Elf:1    | Found a runed translucent gate.
 58220 | Elf:1    | Found a runed translucent gate.
 58220 | Elf:1    | Found a runed translucent gate.
 58220 | Elf:1    | Found a runed translucent gate.
 58220 | Elf:1    | Found a runed translucent gate.
 58222 | Elf:1    | Found a runed translucent gate.
 59124 | Elf:2    | Found a runed translucent gate.
 59126 | Elf:2    | Found a runed translucent gate.
 59129 | Elf:2    | Found a runed translucent gate.
 59776 | Elf:3    | Entered Level 3 of the Elven Halls
 60458 | Elf:3    | Identified the cursed +0 leather armour of Bainyree {+Fly
                  | MR++ Dex+4}
 60565 | Elf:3    | Identified the +4 trident "Qigag" {speed, +Rage rElec SInv}
 60565 | Elf:3    | Identified the ring of Guitiuc {rPois MR+ MP+9}
 60670 | Elf:3    | Identified the +4 plate armour "Mamof" {Harm rN+ Int+2}
 60934 | Elf:3    | Identified the +9 broad axe of the Tomato {speed, Int+3}
 60936 | Elf:3    | Identified the +1 spear of the Pillar {venom, Int+6}
 61664 | Elf:3    | Reached skill level 27 in Fighting
 62555 | Depths:1 | Entered Level 1 of the Depths
 62610 | Depths:1 | Reached skill level 15 in Long Blades
 62619 | Depths:1 | Reached XP level 22. HP: 197/233 MP: 25/25
 63111 | Depths:1 | You are sucked into a shaft and drop 1 floor!
 63111 | Depths:2 | Found a gateway to Hell.
 64764 | Depths:2 | HP: 3/233 [spark wasp/living lightning (15)]
 67227 | Vaults:4 | Upgraded the game from 0.25.0-3-gd7cc5688da to
                  | 0.25.0-9-g26727b657a
 67228 | Vaults:5 | Entered Level 5 of the Vaults
 67277 | Vaults:5 | Reached XP level 23. HP: 121/240 MP: 26/26
 67741 | Vaults:5 | Identified the +4 arbalest of the Shore {elec, rF+ rC+
                  | Str+7 Int+3}
 67845 | Vaults:5 | Identified a +1 pair of boots of running (You found it on
                  | level 5 of the Vaults)
 67903 | Vaults:5 | Identified the +4 plate armour of the Storm King {Harm
                  | Stlth+}
 68123 | Vaults:5 | Identified the +2 plate armour of Qiyc {rF++}
 68184 | Vaults:5 | Identified the amulet "Laohiaf" {Faith +Inv rPois rN+
                  | Dex-4}
 69235 | Vaults:5 | Identified the +9 scythe of Classification {vorpal, rF+ rC-
                  | Str+3}
 69712 | Vaults:5 | Identified the +6 scythe of Power {vorpal, Int+3 SInv}
 70052 | Vaults:5 | Got a silver rune of Zot
 70342 | Vaults:4 | Lost mutation: You tend to lose your temper in combat.
                  | [potion of mutation]
 70342 | Vaults:4 | Gained mutation: Your flesh is cold resistant. (rC+)
                  | [potion of mutation]
 70342 | Vaults:4 | Gained mutation: Your flesh is very cold resistant. (rC++)
                  | [potion of mutation]
 70900 | Depths:3 | Reached XP level 24. HP: 247/249 MP: 26/26
 71918 | Depths:3 | Reached skill level 27 in Shields
 71968 | Depths:3 | Killed from afar by a fire dragon

Illustrated notes

Levels and vault maps discovered:
D:1:      dpeg_arrival_water_temple_mockup, layout_basic
D:2:      layout_basic, okawaru_gym_becter, grunt_temple_overflow_open,
          lemuel_doored_altar, kennysheep_generic_room_15, uniq_natasha
D:3:      layout_basic, kennysheep_generic_room_3
D:4:      layout_basic, marbit_many_paths, grunt_temple_overflow_diamond,
          kb_xom_exploding_sheep
D:5:      minmay_recursive_quarters, layout_basic, slow_altar_2, temple_pool_b,
          first_ration, gup_sewer_entry_spiral, uniq_blork_the_orc, uniq_ijyb,
          uniq_duvessa
D:6:      layout_loops_ring
D:7:      layout_rooms, bloody_makhleb
D:8:      layout_basic, lemuel_crystal_altar, serial_shops, nicolae_shop_trees
D:9:      layout_cave_pools, old_standard_altar, minmay_orc_entry_temple_small,
          serial_column_ruins, column_ruins_open_tiny, column_ruins_open_tiny,
          column_ruins_open_tiny, column_ruins_grid_1, column_ruins_grid_1,
          column_ruins_columns_dead_end, minmay_misc_feat_square,
          blue_anna_alchemist [blue_anna_fruit_fields, blue_anna_fruit_fields],
          kennysheep_generic_room_14
D:10:     layout_rooms, dpeg_oklobed_lair, gammafunk_ghost_wrathful_warriors
D:11:     layout_basic, hangedman_decor_points
D:12:     cheibrodos_tormentor_scu, layout_basic, serial_shops, bzr_entry_dummy,
          minmay_statue_crystal_thing
D:13:     layout_loops_ring, hangedman_vaults_entry_quadrant_bands,
          enter_bailey_2, gauntlet_entry_generic
D:14:     layout_basic, hangedman_decor_diamond_cutter
D:15:     gammafunk_enter_depths_forms, layout_loops_cross, basic_altar,
          roderic_roman_lattice
Temple:   compressed_dpeg_circular_temple
Lair:1:   layout_hall_layers, chequers_serial_rivers_marsh, minmay_holes,
          beast_lair_carwin_6
Lair:2:   layout_loops_ring, spider_nest_entry_funnel_web,
          grunt_forest_large_clearings, infiniplex_staircase_pool_2, uniq_urug
Lair:3:   layout_roguey
Lair:4:   layout_cave_pods, elwin_shoals_entry_rocks, gammafunk_ghost_icy
Lair:5:   layout_gridlike, ldierk_geyser, hibernation_bobbens
Lair:6:   minmay_lair_end_enchanted_forest, layout_loops_ring, slime_altar_1,
          minmay_lair_oklob_chamber, grunt_megastairs_1
Shoals:1: layout_shoals, nicolae_shoals_c_island
Shoals:2: layout_shoals, hangedman_shoals_cup_caves
Shoals:3: layout_shoals
Shoals:4: shoals_end_grunt_ice, layout_shoals
Spider:1: layout_spider_delve
Spider:2: gammafunk_the_bubble [the_bubble_gammafunk_crates],
          nicolae_spider_stair_cavern
Spider:3: layout_spider_delve, drop_trap, nicolae_spider_shape
Spider:4: spider_rune_water
Orc:1:    layout_caves
Orc:2:    pf_orc_diabolical, layout_caves, trog_book, uniq_jorgrun
Elf:1:    eino_elf_arrival_sip, layout_rooms, portal_ice_cave_entry_pillars_2,
          orc_legates
Elf:2:    layout_geoelf_octagon
Elf:3:    grunt_elf_hall_asides, layout_rooms
Vaults:1: nicolae_vaults_meeting, nicolae_vaults_ring_of_whatevers, v_rooms_1,
          v_misc_29, vaults_room_door_ring, hangedman_vaults_locks,
          hangedman_vaults_trim, hangedman_vaults_nodes, v_pattern_5,
          layout_vaults_ring
Vaults:2: ontoclasm_vaults_ligature, minmay_crypt_entry_simple_walls,
          vaults_room_grid, ontoclasm_vaults_hangar, grunt_vaults_swirl,
          ontoclasm_vaults_ring_small, vaults_room_grid, vaults_dpeg_ring,
          nicolae_vaults_statue_guard, v_alt_pattern_1,
          vaults_room_grunt_arrival_checkpoint,
          hangedman_vaults_stretched_pinwheel, ontoclasm_vaults_chip,
          layout_vaults_chaotic_city, uniq_xtahua
Vaults:3: vaults_room_door_ring, nicolae_vaults_little_squares_1,
          nicolae_vaults_border_crossing, hangedman_vaults_stagger,
          nicolae_vaults_asterisk, nicolae_vaults_little_ls, v_misc_12,
          nicolae_vaults_angled_halls, nicolae_vaults_little_squares_1,
          hangedman_vaults_trim, vaults_room_pool,
          nicolae_vaults_stairing_the_circle, grunt_vaults_funnel,
          vaults_room_fancy_cross, layout_vaults_big_cross, serial_shops, shop
Vaults:4: ebering_vaults_ghost_xom, vaults_room_fancy_cross, vaults_room_grid,
          vaults_dpeg_hooks, v_pattern_4, ontoclasm_vaults_eye,
          layout_vaults_omnigrid, uniq_bai_suzhen, uniq_margery
Vaults:5
Depths:1: layout_cave_pools, serial_column_ruins, column_ruins_circle_small,
          column_ruins_hut, column_ruins_open_small, column_ruins_open_tiny,
          column_ruins_grid_1, column_ruins_grid_1, hell_entry,
          ebering_dispersal_statue_hall, wad_floor_pattern_2, st_stairs_11,
          corexii_leaking_fountain, kennysheep_diamond, minmay_misc_feat_tower,
          chequers_serial_rivers_small_3, hangedman_aviary
Depths:2: minmay_expanding_squares, layout_gridville,
          chequers_serial_rivers_micro_c, hangedman_coc_ice_floe,
          serial_bayou_lagoon_a, nicolae_lava_and_water
Depths:3: minmay_the_grid_4x2 [minmay_the_grid_outer_diamond,
          minmay_the_grid_aliased_spiral, minmay_the_grid_all_tris,
          minmay_the_grid_artifice, minmay_the_grid_doors,
          minmay_the_grid_plusring, minmay_the_grid_pillar_ring,
          minmay_the_grid_prize_shrinking_boxes], layout_long_grid,
          enter_ziggurat_c, pan_entry, lightli_too_deep,
          minmay_misc_feat_nine_boxes, st_stairs_5, infiniplex_staircase_spiral

Skill      XL: |  1  2  3  4  5  6  7  8  9 10 11 12 13 14 15 16 17 18 19 20 21 22 23 24 |
---------------+-------------------------------------------------------------------------+-----
Fighting       | 3 4 5 6 7 9 10 13 16 17 18 19 20 21 24 27 | 27.0
Shields        | 1 2 3 4 5 6 7 9 10 15 17 20 23 25 26 27 | 27.0
Long Blades    | 4 5 8 10 11 13 14 15 20 21 22 | 22.1
Armour         | 4 7 12 14 15 17 19 20 21 22 | 22.1
Evocations     | 3 6 |  6.0
Dodging        | 7 10 | 10.0
Throwing       | |  2.0

Action                   |  1- 3 |  4- 6 |  7- 9 | 10-12 | 13-15 | 16-18 | 19-21 | 22-24 || total
-------------------------+-------+-------+-------+-------+-------+-------+-------+-------++-------
Melee: Long sword        |   120 |   130 |   358 |       |   109 |  1673 |  2137 |  1063 ||  5590
       Headbutt          |    12 |    25 |    82 |   315 |   375 |   487 |   545 |   438 ||  2279
       Scimitar          |       |       |       |  1296 |  1208 |       |       |       ||  2504
       Rapier            |       |       |       |    34 |       |       |       |       ||    34
       Demon blade       |       |       |       |       |       |       |       |   266 ||   266
Throw: Dart              |       |     4 |     9 |     1 |       |       |       |       ||    14
       Boomerang         |       |       |       |    10 |     1 |       |       |       ||    11
Invok: Sacrifice Drink   |       |       |     1 |       |       |       |       |       ||     1
       Reject Sacrifices |       |       |       |     2 |       |       |       |       ||     2
       Sacrifice Experie |       |       |       |     1 |       |       |       |       ||     1
       Sacrifice Resista |       |       |       |     1 |       |       |       |       ||     1
       Apocalypse        |       |       |       |       |     2 |     5 |     3 |     3 ||    13
       Sacrifice Arcana  |       |       |       |       |     1 |       |       |       ||     1
Evoke: Wand              |       |       |     1 |     9 |    25 |    15 |     4 |     2 ||    56
  Use: Scroll            |       |     7 |     5 |    17 |     5 |     7 |     6 |    18 ||    65
       Potion            |       |       |     3 |       |     2 |     1 |     2 |     1 ||     9
 Stab: Sleeping          |     1 |       |       |       |       |       |       |       ||     1
       Invisible         |       |       |       |     2 |     4 |    13 |     9 |     5 ||    33
       Distracted        |       |       |       |     2 |     6 |     5 |    11 |     5 ||    29
       Paralysed         |       |       |       |     2 |     5 |    26 |    10 |     8 ||    51
       Held in net/web   |       |       |       |       |     2 |       |       |       ||     2
  Eat: Chunk             |     4 |     7 |    15 |    43 |    17 |    27 |    38 |    18 ||   169
       Ration            |       |       |       |     3 |     6 |     3 |     4 |     3 ||    19
Armor: Leather armour    |    24 |    37 |    51 |    15 |       |       |       |       ||   127
       Plate armour      |       |       |       |   389 |   643 |   424 |   298 |   212 ||  1966
Dodge: Dodged            |    33 |    56 |    99 |   233 |   483 |   500 |   240 |   147 ||  1791
Block: Kite shield       |    30 |    59 |   161 |   706 |   874 |   977 |   247 |       ||  3054
       Tower shield      |       |       |       |       |       |       |  1222 |  1087 ||  2309
       Reflection        |       |       |       |       |       |       |   177 |    78 ||   255
       Rpst.: Long sword |     8 |    17 |    27 |       |    11 |    85 |    43 |    18 ||   209
       Scimitar          |       |       |       |    40 |    85 |       |       |       ||   125
       Demon blade       |       |       |       |       |       |       |       |     4 ||     4
